 Dungeon Crawl Stone Soup version 0.32-a0-931-g5a2cda0630 (webtiles) character file.

Game seed: 2370560214685335958

324 justen the Chopper (level 6, -1/47 HPs)
             Began as a Coglin Gladiator on Apr 13, 2024.
             Was a Priest of Beogh.
             Slain by a mummy (14 damage)
             ... in an ossuary on Apr 14, 2024.
             The game lasted 00:09:34 (2711 turns).

justen the Chopper (Coglin Gladiator)               Turns: 2711, Time: 00:09:35

Health: -1/47      AC:  9    Str: 17    XL:     6   Next: 48%
Magic:  2/2        EV:  8    Int:  7    God:    Beogh [***...]
Gold:   155        SH:  0    Dex: 15    Spells: 5/5 levels left

rFire   . . .        a - +1 war axe {Solveig}
rCold   . . .        f - +1 hand axe (antimagic) {Liang}
rNeg    . . .        h - +0 chain mail
rPois   .            (no helmet)
rElec   .            (no cloak)
rCorr   .            k - +0 pair of gloves
SInv    .            (no boots)
Will    .....        (amulet unavailable) Stlth
                     (ring unavailable)
HPRegen 0.27/turn    (ring unavailable)
MPRegen 0.08/turn    (no gizmo)

%: no passive effects
@: marked, revved
A: off-hand wielding, slow wielding, warmup strikes, no jewellery
a: Invent Gizmo, Renounce Religion, Smiting


You were in an ossuary.
You worshipped Beogh.
Beogh was most pleased with you.
You visited 1 branch of the dungeon, and saw 4 of its levels.
You also visited: Ossuary.

You collected 155 gold pieces.

Inventory:

Hand Weapons
 a - a +1 war axe (weapon) {Solveig}
 f - a +1 antimagic hand axe (offhand) {Liang}
 j - a +0 war axe {Qiu}
Missiles
 d - 3 throwing nets
 e - a javelin
 i - 4 poisoned darts (quivered)
Armour
 h - a +0 chain mail (worn)
 k - a +0 pair of gloves (worn)
Scrolls
 g - a scroll of identify
 m - a scroll of enchant weapon
 n - a scroll of immolation {unknown}
Potions
 c - a potion of lignification
 l - a potion of brilliance {unknown}


   Skills:
 + Level 3.6 Fighting
 + Level 4.2 Axes
 - Level 3.0 Throwing
 + Level 1.2 Armour
 + Level 3.8 Dodging
 + Level 1.0 Invocations


You had 5 spell levels left.
You didn't know any spells.
Your spell library contained the following spells:

 Spells                   Type           Power      Damage    Failure   Level
 Foxfire                  Conj/Fire      0%         2x1d4     99%         1
 Blink                    Tloc           0%         N/A       100%        2
 Call Imp                 Summ           0%         N/A       100%        2
 Lesser Beckoning         Tloc           0%         N/A       100%        2
 Momentum Strike          Conj/Tloc      0%         3d8       100%        2
 Sublimation of Blood     Necr           0%         N/A       100%        2
 Sigil of Binding         Hex            0%         N/A       100%        3
 Tukima's Dance           Hex            0%         N/A       100%        3
 Passage of Golubria      Tloc           0%         N/A       100%        4
 Yara's Violent Unravell  Hex/Alch       0%         3d3       100%        5
 Death Channel            Necr           0%         N/A       100%        6
 Plasma Beam              Fire/Air       0%         2x1d10    100%        6
 Sculpt Simulacrum        Ice/Alch       0%         N/A       100%        6
 Starburst                Conj/Fire      0%         6d3       100%        6
 Summon Hydra             Summ           0%         N/A       100%        7


Dungeon Overview and Level Annotations

Branches:
Dungeon (4/15)            Ossuary (1/1)
 Temple: D:4-7

Altars:
Beogh


Innate Abilities, Weirdness & Mutations

Your facial features look somewhat orcish.
You can wield a second weapon in your off-hand.
It takes a long time for you to wield or remove held weapons.
Your first few attacks do less damage.
You cannot equip rings or amulets.


Message History

* * * LOW HITPOINT WARNING * * *
It was a potion of curing.
You feel better.
A goblin skeleton comes into view.
You barely miss the mummy with your +1 war axe.
The mummy is almost destroyed.
You barely miss the mummy with your +1 antimagic hand axe.
The mummy barely misses you.
You hit the mummy with your +1 antimagic hand axe.
You destroy the mummy!
Beogh accepts your kill. Menkaure hits you but does no damage.
You hit Menkaure with your +1 war axe.
Menkaure is lightly damaged.
You hit Menkaure but do no damage. Menkaure hits you.
You hit Menkaure with your +1 antimagic hand axe.
Menkaure's magic leaks into the air.
Menkaure is moderately damaged.
You hit Menkaure with your +1 war axe. Menkaure hits you but does no damage.
Menkaure hits you.
* * * LOW HITPOINT WARNING * * *
You closely miss Menkaure with your +1 antimagic hand axe.
Menkaure is heavily damaged.
You barely miss Menkaure with your +1 war axe.
Menkaure falters for a moment.
You slash Menkaure with your +1 antimagic hand axe!
Menkaure's magic leaks into the air.
Menkaure is severely damaged.
You slash Menkaure with your +1 war axe!
You destroy Menkaure!
Beogh accepts your kill.
Your Armour skill increases to level 1!
Your Invocations skill increases to level 1!
You have reached level 6!
You hit the mummy but do no damage.
You hit the mummy with your +1 antimagic hand axe.
You hit the mummy with your +1 war axe.
The mummy is heavily damaged.
You slash the mummy with your +1 antimagic hand axe!
The mummy hits you!
You die...

##..##..##..####..##..#
##..##..##..## ##..##..
##..##..##..## ##..##.
##..##..##..## ##..##
##..##..##..## ##..#
##..##..##..## ##..
##..##..##..## ##.
##..##..##..######### ##
##..##..##....@MZZZ.Z. #
##..##^.########################
##..##.^.........................
#..##############################
.................................
#################################


You could see a mummy, a hobgoblin zombie, a kobold zombie, a goblin skeleton
and an orc skeleton.

Vanquished Creatures
  Menkaure (Ossuary)
  An orc priest (D:3)
  An orc wizard (D:3)
  2 mummies (Ossuary)
  5 adders
  A ribbon worm (D:3)
  2 dart slugs
  6 orcs (D:3)
  3 endoplasms
  2 giant cockroaches
  3 gnoll zombies (Ossuary)
  3 goblins (D:3)
  7 hobgoblins
  2 jackals (D:1)
  4 kobolds
  A quokka (D:2)
  3 ball pythons
  3 bats
  6 frilled lizards
  5 gnoll skeletons (Ossuary)
  3 goblin skeletons (Ossuary)
  5 goblin zombies (Ossuary)
  4 hobgoblin skeletons (Ossuary)
  5 hobgoblin zombies (Ossuary)
  5 kobold skeletons (Ossuary)
  2 kobold zombies (Ossuary)
  3 orc skeletons (Ossuary)
  4 orc zombies (Ossuary)
  6 rats
  3 rat skeletons (Ossuary)
  4 rat zombies (Ossuary)
105 creatures vanquished.

Notes
Turn   | Place    | Note
-------+----------+-------------------------------------------
     0 | D:1      | justen the Coglin Gladiator began the quest for the Orb.
     0 | D:1      | Reached XP level 1. HP: 16/16 MP: 1/1
   166 | D:1      | Reached XP level 2. HP: 19/22 MP: 2/2
   712 | D:2      | Reached XP level 3. HP: 23/28 MP: 3/3
   751 | D:2      | Found a faded altar of an unknown god.
   773 | D:2      | Prayed at the altar of an unknown god.
   773 | D:2      | Became a worshipper of Beogh the Shepherd
   773 | D:2      | Reached * piety under Beogh
  1072 | D:2      | Reached XP level 4. HP: 33/34 MP: 4/4
  1628 | D:3      | Reached XP level 5. HP: 41/41 MP: 1/5
  1719 | D:3      | Reached ** piety under Beogh
  2424 | D:4      | Found a sand-covered staircase.
  2432 | Ossuary  | Entered an ossuary
  2564 | Ossuary  | Reached *** piety under Beogh
  2692 | Ossuary  | Noticed Menkaure
  2696 | Ossuary  | Reached skill level 4 in Axes
  2709 | Ossuary  | Killed Menkaure
  2710 | Ossuary  | Reached skill level 1 in Armour
  2710 | Ossuary  | Reached skill level 1 in Invocations
  2710 | Ossuary  | Reached XP level 6. HP: 12/47 MP: 2/6
  2711 | Ossuary  | Slain by a mummy

Illustrated notes

Levels and vault maps discovered:
D:1:      spicycebolla_arrival_clurvy, layout_loops_ring, chequers_arboretum
D:2:      layout_basic, hellmonk_ecumenical_altar_pennies_from_heaven
D:3:      layout_basic, minivault_26, minmay_strange_pillars, kennysheep_boxes
D:4:      layout_layer_cave, enter_ossuary_4
Ossuary:  ossuary_due_pyramid

Skill      XL: |  1  2  3  4  5 |
---------------+----------------+-----
Throwing       | 2 3 |  3.0
Dodging        | 3 |  3.8
Fighting       | 3 |  3.6
Axes           | 4 |  4.2
Armour         | 1 |  1.2
Invocations    | 1 |  1.0

Action                     |  1- 3 |  4- 6 || total
---------------------------+-------+-------++-------
  Melee: War axe           |    51 |   117 ||   168
         Dagger            |    23 |       ||    23
         Hand axe          |       |    98 ||    98
  Throw: Dart              |       |     2 ||     2
    Use: Scroll            |     3 |     2 ||     5
         Potion            |       |     1 ||     1
   Stab: Sleeping          |     1 |       ||     1
 Armour: Leather armour    |     7 |       ||     7
         Ring mail         |    27 |     4 ||    31
         Chain mail        |       |    61 ||    61
  Dodge: Dodged            |    36 |    38 ||    74

Table legend: (Time is in decaauts)
 A = Elapsed time spent in this place.
 B = Non-inter-level travel time spent in this place.
 C = Inter-level travel time spent in this place.
 D = Time resting spent in this place.
 E = Time spent auto-exploring this place.
 F = Levels seen in this place.
 G = Mean time per level.
                   A        B        C        D        E       F      G
               +--------+--------+--------+--------+--------+-----+--------+
         Total |   2752 |   2704 |     48 |      0 |   1678 |   5 |  550.4 |
       Dungeon |   2458 |   2410 |     48 |      0 |   1644 |   4 |  614.5 |
       Ossuary |    293 |    293 |      0 |      0 |     34 |   1 |  293.0 |
               +--------+--------+--------+--------+--------+-----+--------+

Top non-repeatable levels by time:
     D:3: 991 daAuts
     D:2: 738 daAuts
     D:1: 679 daAuts
 Ossuary: 293 daAuts
     D:4: 48 daAuts
